 Dungeon Crawl Stone Soup version 0.30-a0-778-g2ef04afb54 (webtiles) character file.

Game seed: 775878368379964964

378 lunkers the Cutter (level 7, -4/85 HPs)
             Began as a Meteoran Fighter on Feb 14, 2023.
             Was a Follower of Okawaru.
             Slain by a gnoll
             ... wielding a +0 club
              (8 damage)
             ... on level 5 of the Dungeon on Feb 15, 2023.
             The game lasted 00:04:49 (1687 turns).

lunkers the Cutter (Meteoran Fighter)               Turns: 1687, Time: 00:04:49

Health: -4/85      AC:  1    Str: 18    XL:     7   Next: 25%
Magic:  10/10      EV: 12    Int: 10    God:    Okawaru [*.....]
Gold:   118        SH:  6    Dex: 15    Spells: 6/6 levels left

rFire   . . .      SeeInvis .    b - +0 dagger (elec)
rCold   + . .      Faith    .    c - +0 buckler
rNeg    . . .      Spirit   .    v - +0 scale mail {rC+}
rPois   .          Reflect  .    (no helmet)
rElec   .          Harm     .    (no cloak)
rCorr   .          Rampage  .    (no gloves)
Will    .....                    g - +0 pair of boots Stlth
                                 j - amulet of magic regeneration
HPRegen 0.34/turn                l - +4 ring of slaying
MPRegen 0.52/turn                t - +4 ring of protection

@: berserking, heroic, corroded, glowing, very quick
A: sense surroundings 1, otherworldly, glowing, explore regen
a: Renounce Religion, Heroism


You were on level 5 of the Dungeon.
You worshipped Okawaru.
Okawaru was aware of your devotion.
You visited 1 branch of the dungeon, and saw 5 of its levels.

You collected 118 gold pieces.

Inventory:

Hand Weapons
 a - a +0 long sword
 b - a +0 dagger of electrocution (weapon)
Armour
 c - a +0 buckler (worn)
 g - a +0 pair of boots (worn)
 i - a +0 scale mail
 m - the +4 robe of the Ward {Contam Drain MP+9 Dex+9}
   (You found it on level 2 of the Dungeon)

   Dex:       It affects your dexterity (+9).
   MP:        It affects your magic capacity (+9).
   Contam:    It causes magical contamination when unequipped.
   Drain:     It drains your maximum health when unequipped.
 v - a +0 scale mail of cold resistance (worn)
Jewellery
 j - an amulet of magic regeneration (around neck)
 l - a +4 ring of slaying (left hand)
 t - a +4 ring of protection (right hand)
Scrolls
 h - a scroll of vulnerability {unknown}
 n - a scroll of butterflies {unknown}
 o - a scroll of silence {unknown}
 p - a scroll of immolation {unknown}
 r - 4 scrolls of teleportation {unknown}
 s - a scroll of fog {unknown}
 u - a scroll of torment {unknown}
Potions
 d - 3 potions of might
 e - a potion of berserk rage
 f - 2 potions of lignification {unknown}
 k - a potion of curing
 q - a potion of haste {unknown}


   Skills:
 + Level 3.5(8.5) Fighting
 * Level 4.9(10.7) Short Blades
 - Level 4.8(11.0) Long Blades
 + Level 3.8(8.8) Armour
 + Level 0.9(5.9) Dodging
 - Level 3.6(8.6) Shields
 - Level 3.0 Invocations


You had 6 spell levels left.
You didn't know any spells.
Your spell library contained the following spells:

 Spells                   Type           Power      Damage    Failure   Level
 Sublimation of Blood     Necr           0%         N/A       88%         2
 Wereblood                Tmut           0%         N/A       88%         2
 Petrify                  Tmut/Erth      0%         N/A       100%        4
 Irradiate                Conj/Tmut      0%         3d11      100%        5
 Summon Hydra             Summ           Unusable   N/A       N/A         7

Dungeon Overview and Level Annotations

Branches:
Dungeon (5/15) Zot: 1321
 Temple: D:4-7

Altars:
Dithmenos
Elyvilon
Nemelex Xobeh
Okawaru


Innate Abilities, Weirdness & Mutations

You passively map a small area around you.
You are easily found by Zot.
You glow in the dark.
You regain HP and MP as you explore.


Message History

A gnoll comes into view. It is wielding a +0 club.
You hit the orc but do no damage.
The orc is moderately wounded.
You barely miss the orc.
The orc is moderately wounded.
The orc closely misses you. The gnoll barely misses you.
A gnoll comes into view. It is wielding a +0 club.
Unknown command.
You hit the orc but do no damage.
The orc is moderately wounded.
Unknown command.
You hit the orc but do no damage.
The orc is moderately wounded.
You block the gnoll's attack. The orc hits you with a +0 hand axe.
* * * LOW HITPOINT WARNING * * *
Unknown command.
You hit the orc but do no damage. Lightning courses through the orc!
You kill the orc!
Okawaru accepts your kill.
Unknown command.
Unknown command.
Unknown command.
You hit the gnoll but do no damage. The gnoll hits you with a +0 club.
* * * LOW HITPOINT WARNING * * *
Unknown command.
You hit the gnoll.
The gnoll is lightly wounded.
Unknown command.
Okay, then.
You feel better. The gnoll completely misses you.
A red film seems to cover your vision as you go berserk!
You feel yourself moving faster!
You feel mighty! The gnoll hits you with a +0 club.
* * * LOW HITPOINT WARNING * * *
The gnoll hits you with a +0 club!
* * * LOW HITPOINT WARNING * * *
You hit the gnoll but do no damage.
The gnoll is lightly wounded.
You block the gnoll's attack. The gnoll hits you with a +0 club!
You die...

.........#.....
, ,
...............
, ,
..............
, , ,
,#...#........
, #..#!.....##
, , ,
##....$...... *
#.....# ,,
,##.)gg## * *
*##...@### , *
#....g#.##
##..<....#* ,
##..†...#* ,
#...........,
#..........###
#.............#
##........#...#
##.....#######


You could see 3 gnolls.

Vanquished Creatures
  An ogre (D:4)
  A howler monkey (D:5)
  2 orc priests (D:4)
  A jelly (D:5)
  Terence (D:2)
  2 orc wizards
  4 adders
  A worm (D:5)
  A dart slug (D:4)
  6 orcs
  3 ball pythons
  7 endoplasms
  3 giant cockroaches (D:1)
  4 goblins
  2 hobgoblins
  2 quokkas
  2 bats
  A frilled lizard (D:3)
  4 kobolds
  3 rats
51 creatures vanquished.

Notes
Turn   | Place    | Note
-------+----------+-------------------------------------------
     0 | D:1      | lunkers the Meteoran Fighter began the quest for the Orb.
     0 | D:1      | Reached XP level 1. HP: 19/19 MP: 2/2
    72 | D:1      | Reached XP level 2. HP: 26/26 MP: 3/3
    72 | D:1      | Upgraded the game from 0.30-a0-777-ga9a30cbeda to
                  | 0.30-a0-778-g2ef04afb54
   488 | D:1      | Glimpsed the power of Zot.
   538 | D:2      | You fall into a shaft and drop 2 floors!
   568 | D:3      | Reached XP level 3. HP: 30/31 MP: 4/4
   612 | D:3      | Reached XP level 4. HP: 34/38 MP: 5/5
   639 | D:2      | Reached skill level 1 in Short Blades
   689 | D:2      | Found a faded altar of an unknown god.
   703 | D:2      | Prayed at the altar of an unknown god.
   703 | D:2      | Became a worshipper of Warmaster Okawaru
   703 | D:2      | Reached * piety under Okawaru
   752 | D:2      | Noticed Terence
   755 | D:2      | Killed Terence
   756 | D:2      | Reached XP level 5. HP: 43/45 MP: 6/6
   756 | D:2      | Identified the +4 robe of the Ward {Contam Drain MP+9
                  | Dex+9}
  1079 | D:3      | Found a sparkling altar of Nemelex Xobeh.
  1167 | D:3      | Found a shadowy altar of Dithmenos.
  1227 | D:3      | Found a white marble altar of Elyvilon.
  1411 | D:4      | Reached skill level 1 in Invocations
  1486 | D:4      | Noticed an ogre
  1496 | D:4      | Killed an ogre
  1497 | D:4      | Reached XP level 6. HP: 16/51 MP: 6/9
  1640 | D:5      | Entered Level 5 of the Dungeon
  1647 | D:5      | Reached ** piety under Okawaru
  1648 | D:5      | Reached XP level 7. HP: 43/57 MP: 10/10
  1671 | D:5      | HP: 1/57 [orc/+0 hand axe (5)]
  1686 | D:5      | HP: 4/85 [gnoll/+0 club (7)]
  1687 | D:5      | Slain by a gnoll

Illustrated notes

Levels and vault maps discovered:
D:1:      amcnicky_arrival_single_pillar, layout_basic
D:2:      layout_basic, basic_ecumenical_altar, chequers_serial_rivers_small_3,
          kennysheep_generic_room_9, uniq_terence
D:3:      layout_basic, elyvilon_altar_1, lemuel_crystal_altar,
          lemuel_doored_altar, solitary_fountain, uniq_crazy_yiuf_cottage
D:4:      layout_basic
D:5:      layout_cave_pools, uniq_grinder

Skill      XL: |  1  2  3  4  5  6 |
---------------+-------------------+-----
Long Blades    | 3 4 |  4.8
Short Blades   | 2 3 4 |  4.9
Invocations    | 2 3 |  3.0
Fighting       | |  3.5
Armour         | |  3.8
Dodging        | |  0.9
Shields        | |  3.6

Action                     |  1- 3 |  4- 6 |  7- 9 || total
---------------------------+-------+-------+-------++-------
  Melee: Long sword        |    57 |       |       ||    57
         Dagger            |       |    92 |    24 ||   116
 Invoke: Heroism           |       |     1 |     1 ||     2
    Use: Scroll            |       |     3 |       ||     3
         Potion            |       |       |     3 ||     3
 Armour: Scale mail        |    28 |    33 |       ||    61
  Dodge: Dodged            |    22 |    19 |     6 ||    47
  Block: Buckler           |    14 |    15 |     6 ||    35

Table legend: (Time is in decaauts)
 A = Elapsed time spent in this place.
 B = Non-inter-level travel time spent in this place.
 C = Inter-level travel time spent in this place.
 D = Time resting spent in this place.
 E = Time spent auto-exploring this place.
 F = Levels seen in this place.
 G = Mean time per level.
                   A        B        C        D        E       F      G
               +--------+--------+--------+--------+--------+-----+--------+
         Total |   1677 |   1587 |     90 |      0 |   1174 |   5 |  335.4 |
       Dungeon |   1677 |   1587 |     90 |      0 |   1174 |   5 |  335.4 |
               +--------+--------+--------+--------+--------+-----+--------+

Top non-repeatable levels by time:
     D:1: 549 daAuts
     D:3: 391 daAuts
     D:2: 365 daAuts
     D:4: 334 daAuts
     D:5: 36 daAuts
